NYP
BROOKLYN CYCLONES @ TRI-CITY DUST DEVILS
06/25/2048
 
TOP OF THE 1ST
Brooklyn Cyclones batting - Pitching for Tri-City Dust Devils : RHP David Koski
Pitching: RHP David Koski
Batting: LHB Elmo Dreier 0-0: Ball
1-0: Called Strike
1-1: Ground out U3 (Groundball, 34S, EV 91.2 MPH)
Batting: SHB Callum Lynch 0-0: Called Strike
0-1: Foul Ball, location: 2F
0-2: Foul Ball, location: 2F
0-2: Ball
1-2: Strikes out looking
Batting: LHB Miguel Ramos 0-0: DOUBLE (Groundball, 3L, EV 108.1 MPH)
Batting: RHB Matt Tittle 0-0: Ball
1-0: SINGLE (Line Drive, 9S, EV 97.5 MPH)
Miguel Ramos to third
Runner from 3rd tries for Home, SAFE, throw by RF to home
Batting: SHB Ryan Brown 0-0: Ball
1-0: Ball
2-0: Called Strike
2-1: Called Strike
2-2: Foul Ball, location: 2F
2-2: Foul Ball, location: 2F
2-2: Foul Ball, location: 2F
2-2: Strikes out swinging
Top of the 1st over - 1 run, 2 hits, 0 errors, 1 left on base; Brooklyn 1 - Tri-City 0
BOTTOM OF THE 1ST
Tri-City Dust Devils batting - Pitching for Brooklyn Cyclones : RHP Pat Sprague
Pitching: RHP Pat Sprague
Batting: LHB Ramon Vega 0-0: Called Strike
0-1: Called Strike
0-2: Ground out U3 (Groundball, 3S, EV 61.2 MPH)
Batting: LHB Phil Lerner 0-0: Ball
1-0: Ball
2-0: Foul Ball, location: 2F
2-1: Ball
3-1: Base on Balls
Batting: SHB Isaiah Scates 0-0: Ball
1-0: Foul Ball, location: 2F
1-1: SINGLE (Line Drive, 6MD, EV 99.4 MPH)
Phil Lerner to second
Batting: RHB Hector Fernandez 0-0: Ball
1-0: Foul Ball, location: 2F
1-1: Called Strike
1-2: Foul Ball, location: 2F
1-2: Foul Ball, location: 2F
1-2: Fly out, F8 (Flyball, 8RM, EV 81.2 MPH)
Batting: RHB Phil McFadden 0-0: Ball
1-0: SINGLE (Groundball, 56D, EV 100.0 MPH)
Phil Lerner to third
Isaiah Scates to second
Runner from 3rd tries for Home, SAFE, throw by LF to home
Batting: RHB Frank Elizondo 0-0: Ball
1-0: Ball
2-0: Ball
3-0: Called Strike
3-1: Foul Ball, location: 2F
3-2: Strikes out looking
Bottom of the 1st over - 1 run, 2 hits, 0 errors, 2 left on base; Brooklyn 1 - Tri-City 1
TOP OF THE 2ND
Brooklyn Cyclones batting - Pitching for Tri-City Dust Devils : RHP David Koski
Batting: RHB Frank Shaw 0-0: Called Strike
0-1: SINGLE (Flyball, 89S, EV 95.0 MPH)
Batting: RHB Tom Primmer 0-0: Called Strike
0-1: Called Strike
0-2: Strikes out swinging
Batting: SHB Duri Chilemba 0-0: Called Strike
0-1: Swinging Strike
0-2: Foul Ball, location: 2F
0-2: Ball
1-2: Ball
2-2: Strikes out swinging
Batting: RHB Roberto Delgado 0-0: Ball
1-0: Swinging Strike
1-1: Called Strike
1-2: Foul Ball, location: 2F
1-2: Foul Ball, location: 2F
1-2: Ball
2-2: Foul Ball, location: 2F
2-2: Strikes out swinging
Top of the 2nd over - 0 runs, 1 hit, 0 errors, 1 left on base; Brooklyn 1 - Tri-City 1
BOTTOM OF THE 2ND
Tri-City Dust Devils batting - Pitching for Brooklyn Cyclones : RHP Pat Sprague
Batting: RHB Max Stillo 0-0: Ball
1-0: Foul Ball, location: 2F
1-1: Ground out 6-3 (Groundball, 6M, EV 101.9 MPH)
Batting: RHB Oren Jones 0-0: Ball
1-0: Called Strike
1-1: Ground out 5-3 (Groundball, 5, EV 86.2 MPH)
Batting: RHB Ed Oake 0-0: Ball
1-0: Foul Ball, location: 2F
1-1: Ball
2-1: Ball
3-1: Foul Ball, location: 2F
3-2: Base on Balls
Batting: LHB Ramon Vega 0-0: Ball
1-0: Foul Ball, location: 2F
1-1: Swinging Strike
1-2: Ball
2-2: Ground out 5-3 (Groundball, 56S, EV 84.4 MPH)
Bottom of the 2nd over - 0 runs, 0 hits, 0 errors, 1 left on base; Brooklyn 1 - Tri-City 1
TOP OF THE 3RD
Brooklyn Cyclones batting - Pitching for Tri-City Dust Devils : RHP David Koski
Batting: LHB Elmo Dreier 0-0: Ball
1-0: Swinging Strike
1-1: Ball
2-1: Ball
3-1: Swinging Strike
3-2: Ground out U3 (Groundball, 3S, EV 71.9 MPH)
Batting: SHB Callum Lynch 0-0: Foul Ball, location: 2F
0-1: Ball
1-1: Ball
2-1: Swinging Strike
2-2: Strikes out swinging, 2-3 out at first.
Batting: LHB Miguel Ramos 0-0: Ground out 6-3 (Groundball, 6M, EV 81.9 MPH)
Top of the 3rd over - 0 runs, 0 hits, 0 errors, 0 left on base; Brooklyn 1 - Tri-City 1
BOTTOM OF THE 3RD
Tri-City Dust Devils batting - Pitching for Brooklyn Cyclones : RHP Pat Sprague
Batting: LHB Phil Lerner 0-0: Ground out 4-3 (Groundball, 4, EV 107.5 MPH)
Batting: SHB Isaiah Scates 0-0: Ball
1-0: Swinging Strike
1-1: Ball
2-1: Ball
3-1: Foul Ball, location: 2F
3-2: Strikes out swinging
Batting: RHB Hector Fernandez 0-0: Ball
1-0: Called Strike
1-1: Foul Ball, location: 2F
1-2: Ball
2-2: SINGLE (Line Drive, 6MD, EV 94.4 MPH)
Batting: RHB Phil McFadden 0-0: Ball
Wild Pitch!
Hector Fernandez to second
1-0: Called Strike
1-1: Called Strike
1-2: Strikes out swinging
Bottom of the 3rd over - 0 runs, 1 hit, 0 errors, 1 left on base; Brooklyn 1 - Tri-City 1
TOP OF THE 4TH
Brooklyn Cyclones batting - Pitching for Tri-City Dust Devils : RHP David Koski
Batting: RHB Matt Tittle 0-0: Ball
1-0: Called Strike
1-1: Hit by Pitch
Batting: SHB Ryan Brown 0-0: Called Strike
0-1: Ball
1-1: Ball
2-1: Foul Ball, location: 2F
2-2: Foul Ball, location: 2F
2-2: Strikes out looking
Batting: RHB Frank Shaw 0-0: Ball
1-0: Fly out, F7 (Flyball, 7S, EV 88.8 MPH)
Batting: RHB Tom Primmer 0-0: Called Strike
0-1: Swinging Strike
0-2: Foul Ball, location: 2F
0-2: Foul Ball, location: 2F
0-2: Ball
1-2: Foul Ball, location: 2F
1-2: Ball
2-2: Strikes out swinging
Top of the 4th over - 0 runs, 0 hits, 0 errors, 1 left on base; Brooklyn 1 - Tri-City 1
BOTTOM OF THE 4TH
Tri-City Dust Devils batting - Pitching for Brooklyn Cyclones : RHP Pat Sprague
Batting: RHB Frank Elizondo 0-0: Swinging Strike
0-1: Foul Ball, location: 2F
0-2: Ball
1-2: Strikes out swinging
Batting: RHB Max Stillo 0-0: Ball
1-0: Ball
2-0: Called Strike
2-1: SINGLE (Groundball, 4MS, EV 70.6 MPH) (infield hit)
Batting: RHB Oren Jones 0-0: Ball
1-0: DOUBLE (Groundball, 5L, EV 98.1 MPH)
Max Stillo to third
Batting: RHB Ed Oake 0-0: Ball
1-0: Foul Ball, location: 2F
1-1: Ball
2-1: Foul Ball, location: 2F
2-2: Ball
3-2: Strikes out swinging
Batting: LHB Ramon Vega 0-0: SINGLE (Groundball, 6MS, EV 73.1 MPH) (infield hit)
Max Stillo scores
Oren Jones to third
Batting: LHB Phil Lerner 0-0: Ball
1-0: Foul Ball, location: 2F
1-1: Ground out U3 (Groundball, 3, EV 105.6 MPH)
Bottom of the 4th over - 1 run, 3 hits, 0 errors, 2 left on base; Brooklyn 1 - Tri-City 2
TOP OF THE 5TH
Brooklyn Cyclones batting - Pitching for Tri-City Dust Devils : RHP David Koski
Batting: SHB Duri Chilemba 0-0: Ball
1-0: Ground out U3 (Groundball, 34, EV 86.9 MPH)
Batting: RHB Roberto Delgado 0-0: Ball
1-0: Called Strike
1-1: Ground out 5-3 (Groundball, 56, EV 109.4 MPH)
Batting: LHB Elmo Dreier 0-0: Foul Ball, location: 2F
0-1: Ground out 5-3 (Groundball, 5L, EV 95.6 MPH)
Top of the 5th over - 0 runs, 0 hits, 0 errors, 0 left on base; Brooklyn 1 - Tri-City 2
BOTTOM OF THE 5TH
Tri-City Dust Devils batting - Pitching for Brooklyn Cyclones : RHP Pat Sprague
Batting: SHB Isaiah Scates 0-0: Foul Ball, location: 2F
0-1: Ball
1-1: Ball
2-1: Ground out 3-1 (Groundball, 34, EV 104.4 MPH)
Batting: RHB Hector Fernandez 0-0: Ground out 6-3 (Groundball, 6, EV 93.8 MPH)
Batting: RHB Phil McFadden 0-0: Ball
1-0: Called Strike
1-1: Ball
2-1: SINGLE (Line Drive, 8LM, EV 88.8 MPH)
Batting: RHB Frank Elizondo 0-0: Ball
Pickoff Throw to First - Out! 1-3 CS
Bottom of the 5th over - 0 runs, 1 hit, 0 errors, 0 left on base; Brooklyn 1 - Tri-City 2
TOP OF THE 6TH
Brooklyn Cyclones batting - Pitching for Tri-City Dust Devils : RHP David Koski
Batting: SHB Callum Lynch 0-0: Ball
1-0: Called Strike
1-1: Ball
2-1: SINGLE (Line Drive, 78S, EV 87.5 MPH)
Batting: LHB Miguel Ramos 0-0: Called Strike
0-1: Foul Ball, location: 2F
0-2: Ball
1-2: Foul Ball, location: 2F
1-2: Ball
2-2: Strikes out looking
Batting: RHB Matt Tittle 0-0: Ball
1-0: Called Strike
1-1: Foul Ball, location: 2F
1-2: Foul Ball, location: 2F
1-2: Hit by Pitch
Callum Lynch to second
Batting: SHB Ryan Brown 0-0: Called Strike
0-1: Ball
1-1: Foul Ball, location: 2F
1-2: Ball
2-2: Foul Ball, location: 2F
2-2: Foul Ball, location: 2F
2-2: Ball
3-2: Strikes out swinging
Batting: RHB Frank Shaw 0-0: Called Strike
0-1: Called Strike
0-2: Foul Ball, location: 2F
0-2: Ball
1-2: Ball
2-2: Strikes out swinging
Top of the 6th over - 0 runs, 1 hit, 0 errors, 2 left on base; Brooklyn 1 - Tri-City 2
BOTTOM OF THE 6TH
Tri-City Dust Devils batting - Pitching for Brooklyn Cyclones : RHP Pat Sprague
Batting: RHB Frank Elizondo 0-0: Ball
1-0: Ball
2-0: Called Strike
2-1: Ball
3-1: Foul Ball, location: 2F
3-2: Foul Ball, location: 2F
3-2: Foul Ball, location: 2F
3-2: Base on Balls
Batting: RHB Max Stillo 0-0: Ball
1-0: Ground out U3 (Groundball, 34S, EV 81.9 MPH)
Frank Elizondo to second
Batting: RHB Oren Jones 0-0: Ground out 6-3 (Groundball, 6, EV 85.0 MPH)
Pitching: RHP Brett Cooke
Batting: RHB Ed Oake 0-0: Foul Ball, location: 2F
0-1: Ball
1-1: Ball
2-1: Ball
3-1: Ground out 6-3 (Groundball, 6M, EV 82.5 MPH)
Bottom of the 6th over - 0 runs, 0 hits, 0 errors, 1 left on base; Brooklyn 1 - Tri-City 2
TOP OF THE 7TH
Brooklyn Cyclones batting - Pitching for Tri-City Dust Devils : RHP David Koski
Pitching: RHP Gilberto Ricalde
Batting: RHB Tom Primmer 0-0: Ball
1-0: Swinging Strike
1-1: Ball
2-1: Foul Ball, location: 2F
2-2: Ball
3-2: Foul Ball, location: 2F
3-2: Strikes out swinging
Pinch Hitting: RHB Trent Hood 0-0: Ball
1-0: Ground out 5-3 (Groundball, 56, EV 85.6 MPH)
Batting: SHB Salvador Gomez 0-0: Ball
1-0: Ground out 6-3 (Groundball, 6, EV 76.9 MPH)
Top of the 7th over - 0 runs, 0 hits, 0 errors, 0 left on base; Brooklyn 1 - Tri-City 2
BOTTOM OF THE 7TH
Tri-City Dust Devils batting - Pitching for Brooklyn Cyclones : RHP Brett Cooke
Now at 3B: Trent Hood
Batting: LHB Ramon Vega 0-0: Ball
1-0: Ball
2-0: Ball
3-0: Base on Balls
Batting: LHB Phil Lerner 0-0: Swinging Strike
0-1: Ball
1-1: Swinging Strike
1-2: Strikes out swinging
Batting: SHB Isaiah Scates 0-0: Ball
1-0: Swinging Strike
1-1: Ball
2-1: Foul Ball, location: 2F
2-2: Ball
3-2: Ground out 4-3 (Groundball, 4D, EV 103.1 MPH)
Ramon Vega to second
Batting: RHB Hector Fernandez 0-0: Ball
1-0: Swinging Strike
1-1: Foul Ball, location: 2F
1-2: Ball
2-2: SINGLE (Line Drive, 8LS, EV 91.9 MPH)
Ramon Vega to third
Runner from 3rd tries for Home, SAFE, throw by CF to home
Batting: RHB Phil McFadden 0-0: Foul Ball, location: 2F
0-1: Foul Ball, location: 2F
0-2: Strikes out looking
Bottom of the 7th over - 1 run, 1 hit, 0 errors, 1 left on base; Brooklyn 1 - Tri-City 3
TOP OF THE 8TH
Brooklyn Cyclones batting - Pitching for Tri-City Dust Devils : RHP Gilberto Ricalde
Batting: LHB Elmo Dreier 0-0: Ball
1-0: Swinging Strike
1-1: Swinging Strike
1-2: Ball
2-2: Strikes out swinging
Batting: SHB Callum Lynch 0-0: Ball
1-0: Ball
2-0: Ball
3-0: Called Strike
3-1: Called Strike
3-2: Base on Balls
Batting: LHB Miguel Ramos 0-0: Swinging Strike
0-1: Called Strike
0-2: Strikes out looking
Batting: RHB Matt Tittle 0-0: Ball
1-0: Foul Ball, location: 2F
1-1: Ground out 4-3 (Groundball, 4, EV 93.1 MPH)
Top of the 8th over - 0 runs, 0 hits, 0 errors, 1 left on base; Brooklyn 1 - Tri-City 3
BOTTOM OF THE 8TH
Tri-City Dust Devils batting - Pitching for Brooklyn Cyclones : RHP Brett Cooke
Batting: RHB Frank Elizondo 0-0: Hit by Pitch
Pitching: RHP Gwidon Kaminski
Batting: RHB Max Stillo 0-0: Ball
1-0: Swinging Strike
1-1: Called Strike
1-2: Strikes out swinging
Batting: RHB Oren Jones 0-0: Foul Ball, location: 2F
0-1: Ball
1-1: Swinging Strike
1-2: Ball
2-2: Fielders Choice at 2nd, 1-6 (Groundball, 13S, EV 63.8 MPH)
Batting: RHB Ed Oake 0-0: Ball
1-0: Called Strike
1-1: Ball
2-1: Foul Ball, location: 2F
2-2: Foul Ball, location: 2F
2-2: Foul Ball, location: 2F
2-2: Foul Ball, location: 2F
2-2: Ball
3-2: SINGLE (Line Drive, 4D, EV 99.4 MPH)
Oren Jones to second
Oren Jones to third
Batting: LHB Ramon Vega 0-0: Foul Ball, location: 2F
0-1: Ball
1-1: Foul Ball, location: 2F
1-2: DOUBLE (Line Drive, 78M, EV 108.1 MPH)
Oren Jones scores
Ed Oake to third
Runner from 3rd tries for Home, SAFE, throw by LF to home
Batting: LHB Phil Lerner 0-0: Ball
1-0: Swinging Strike
1-1: Ball
Wild Pitch!
Ramon Vega to third
2-1: Called Strike
2-2: Ball
3-2: Ground out 4-3 (Groundball, 3D, EV 96.2 MPH)
Bottom of the 8th over - 2 runs, 2 hits, 0 errors, 1 left on base; Brooklyn 1 - Tri-City 5
TOP OF THE 9TH
Brooklyn Cyclones batting - Pitching for Tri-City Dust Devils : RHP Gilberto Ricalde
Batting: SHB Ryan Brown 0-0: Called Strike
0-1: Ball
1-1: Called Strike
1-2: Foul Ball, location: 2F
1-2: Strikes out swinging
Batting: RHB Frank Shaw 0-0: Called Strike
0-1: Called Strike
0-2: Foul Ball, location: 2F
0-2: Strikes out swinging
Batting: RHB Tom Primmer 0-0: Foul Ball, location: 2F
0-1: Ball
1-1: Foul Ball, location: 2F
1-2: Foul Ball, location: 2F
1-2: Strikes out swinging
Top of the 9th over - 0 runs, 0 hits, 0 errors, 0 left on base; Brooklyn 1 - Tri-City 5
Tuesday, March 28th , 2023 - OOTP Baseball 23.10 Build 110